MLB
CHICAGO WHITE SOX @ BALTIMORE ORIOLES
03/19/2030
 
TOP OF THE 1ST
Chicago White Sox batting - Pitching for Baltimore Orioles : RHP Pat Winget
Pitching: RHP Pat Winget
Batting: RHB Josh Crawford 0-0: Ball
1-0: Ground out 6-3 (Groundball, 6, EV 87.5 MPH)
Batting: LHB Riley Greene 0-0: Ball
1-0: Called Strike
1-1: Ball
2-1: Foul Ball, location: 2F
2-2: Fly out, F3 (Line Drive, 34, EV 73.8 MPH)
Batting: RHB Lyn Harman 0-0: Called Strike
0-1: Foul Ball, location: 7LMF
0-2: Ball
1-2: Fly out, F3 (Popup, 3F, EV 73.1 MPH)
Top of the 1st over - 0 runs, 0 hits, 0 errors, 0 left on base; Chicago 0 - Baltimore 0
BOTTOM OF THE 1ST
Baltimore Orioles batting - Pitching for Chicago White Sox : RHP Ian Anderson
Pitching: RHP Ian Anderson
Batting: LHB Josh Anderson 0-0: Ball
1-0: Called Strike
1-1: Foul Ball, location: 5SF
1-2: Strikes out swinging
Batting: RHB Jose Palacios 0-0: Ball
1-0: Ground out 4-3 (Groundball, P, EV 90.0 MPH)
Batting: SHB Yoneiry Acevedo 0-0: Swinging Strike
0-1: Foul Ball, location: 2F
0-2: Ball
1-2: Ball
2-2: Ball
3-2: Foul Ball, location: 2F
3-2: Fly out, F7 (Flyball, 7D, EV 99.4 MPH)
Bottom of the 1st over - 0 runs, 0 hits, 0 errors, 0 left on base; Chicago 0 - Baltimore 0
TOP OF THE 2ND
Chicago White Sox batting - Pitching for Baltimore Orioles : RHP Pat Winget
Batting: RHB Andrew Vaughn 0-0: Ball
1-0: Ball
2-0: Foul Ball, location: 2F
2-1: Ball
3-1: Base on Balls
Batting: LHB Alfredo Pagan 0-0: Called Strike
0-1: Foul Ball, location: 2F
0-2: Ball
1-2: Strikes out swinging
Batting: RHB Dan Brewer 0-0: Ball
1-0: Fly out, F7 (Flyball, 7, EV 95.0 MPH)
Batting: RHB Mario Feleciano 0-0: Ball
Pickoff Throw by Catcher to First - Error! E2
Andrew Vaughn to second
1-0: Called Strike
1-1: Ball
2-1: Ball
3-1: Foul Ball, location: 2F
3-2: Fly out, F9 (Flyball, 9D, EV 86.9 MPH)
Top of the 2nd over - 0 runs, 0 hits, 1 error, 1 left on base; Chicago 0 - Baltimore 0
BOTTOM OF THE 2ND
Baltimore Orioles batting - Pitching for Chicago White Sox : RHP Ian Anderson
Batting: SHB Sam Patterson 0-0: Foul Ball, location: 2F
0-1: Called Strike
0-2: Ball
1-2: Foul Ball, location: 2F
1-2: Ball
2-2: Strikes out swinging
Batting: RHB Regis Trezza 0-0: Ball
1-0: Called Strike
1-1: Swinging Strike
1-2: Ball
2-2: Foul Ball, location: 9LSF
2-2: Strikes out swinging
Batting: RHB SebastiĆ£o Rendon 0-0: Called Strike
0-1: Ball
1-1: Called Strike
1-2: Ball
2-2: SINGLE (Flyball, 6D, EV 91.9 MPH)
Pitching: RHP Jordan Sheffield
Batting: RHB Jonathan Satterley 0-0: Ball
1-0: Ball
2-0: Foul Ball, location: 3FF
2-1: Foul Ball, location: 2F
2-2: Strikes out looking
Bottom of the 2nd over - 0 runs, 1 hit, 0 errors, 1 left on base; Chicago 0 - Baltimore 0
TOP OF THE 3RD
Chicago White Sox batting - Pitching for Baltimore Orioles : RHP Pat Winget
Batting: LHB Bob Gran 0-0: Called Strike
0-1: Ground out 6-3 (Groundball, 56D, EV 88.8 MPH)
Batting: RHB Stephen Alemais 0-0: Foul Ball, location: 9LSF
0-1: Foul Ball, location: 2F
0-2: Ball
1-2: Ball
2-2: Foul Ball, location: 9LMF
2-2: Fly out, F8 (Flyball, 78D, EV 106.3 MPH)
Batting: RHB Josh Crawford 0-0: Ball
1-0: Swinging Strike
1-1: Ball
2-1: Foul Ball, location: 25F
2-2: Strikes out swinging, 2-3 out at first.
Top of the 3rd over - 0 runs, 0 hits, 0 errors, 0 left on base; Chicago 0 - Baltimore 0
BOTTOM OF THE 3RD
Baltimore Orioles batting - Pitching for Chicago White Sox : RHP Jordan Sheffield
Batting: RHB Dillon Dingler 0-0: Ball
1-0: Called Strike
1-1: Called Strike
1-2: Foul Ball, location: 5SF
1-2: Foul Ball, location: 9LDF
1-2: Foul Ball, location: 3SF
1-2: Ball
2-2: Strikes out swinging
Batting: RHB Geoff Hamrick 0-0: Called Strike
0-1: Ball
1-1: Foul Ball, location: 2RF
1-2: Foul Ball, location: 5F
1-2: Strikes out swinging
Pitching: RHP Jody Putnam
Batting: LHB Josh Anderson 0-0: Foul Ball, location: 2F
0-1: Foul Ball, location: 5F
0-2: SINGLE (Groundball, 4MD, EV 96.3 MPH)
Batting: RHB Jose Palacios 0-0: Called Strike
0-1: Foul Ball, location: 3FF
0-2: Ball
1-2: Strikes out swinging
Bottom of the 3rd over - 0 runs, 1 hit, 0 errors, 1 left on base; Chicago 0 - Baltimore 0
TOP OF THE 4TH
Chicago White Sox batting - Pitching for Baltimore Orioles : RHP Pat Winget
Batting: LHB Riley Greene 0-0: Called Strike
0-1: Swinging Strike
0-2: DOUBLE (Groundball, 3L, EV 100.6 MPH)
Batting: RHB Lyn Harman 0-0: Ball
1-0: Foul Ball, location: 7LMF
1-1: Ball
2-1: Foul Ball, location: 3F
2-2: Ball
3-2: Foul Ball, location: 25F
3-2: Ground out 3-1 (Groundball, 34S, EV 71.9 MPH)
Riley Greene to third
Batting: RHB Andrew Vaughn 0-0: Ball
1-0: Ball
2-0: Ball
3-0: Swinging Strike
3-1: Called Strike
3-2: 2-RUN HOME RUN (Flyball, 7D, EV 95.0 MPH), Distance : 332 ft
Batting: LHB Alfredo Pagan 0-0: Ground out 3-1 (Groundball, 34S, EV 85.6 MPH)
Batting: RHB Dan Brewer 0-0: DOUBLE (Flyball, 78D, EV 95.0 MPH)
Batting: RHB Mario Feleciano 0-0: Ball
1-0: Ball
2-0: DOUBLE (Flyball, 78D, EV 96.9 MPH)
Dan Brewer scores
Batting: LHB Bob Gran 0-0: Foul Ball, location: 3F
0-1: Fly out, F9 (Line Drive, 9S, EV 85.0 MPH)
Top of the 4th over - 3 runs, 4 hits, 0 errors, 1 left on base; Chicago 3 - Baltimore 0
BOTTOM OF THE 4TH
Baltimore Orioles batting - Pitching for Chicago White Sox : RHP Jody Putnam
Batting: SHB Yoneiry Acevedo 0-0: Ball
1-0: Foul Ball, location: 2F
1-1: Ground out 1-3 (Groundball, P, EV 69.4 MPH)
Batting: SHB Sam Patterson 0-0: Ball
1-0: Called Strike
1-1: Foul Ball, location: 5FF
1-2: Ball
2-2: Ground out 5-3 (Groundball, 56, EV 106.3 MPH)
Batting: RHB Regis Trezza 0-0: Called Strike
0-1: Ball
1-1: Fly out, F7 (Line Drive, 7S, EV 101.9 MPH)
Bottom of the 4th over - 0 runs, 0 hits, 0 errors, 0 left on base; Chicago 3 - Baltimore 0
TOP OF THE 5TH
Chicago White Sox batting - Pitching for Baltimore Orioles : RHP Pat Winget
Pitching: RHP Joe Todd
Now at 2B: Steve Ethridge
Batting: RHB Stephen Alemais 0-0: Swinging Strike
0-1: Ground out 6-3 (Groundball, 6, EV 87.5 MPH)
Pinch Hitting: RHB Steve Stola 0-0: Ball
1-0: Called Strike
1-1: Swinging Strike
1-2: SINGLE (Groundball, 56S, EV 71.9 MPH) (infield hit)
Batting: LHB Riley Greene 0-0: DOUBLE (Line Drive, 3D, EV 94.4 MPH)
Steve Stola to third
Runner from 3rd tries for Home, throw by RF and OUT! 9-4-2
Riley Greene to third
Batting: RHB Lyn Harman 0-0: SINGLE (Groundball, 4MD, EV 95.0 MPH)
Riley Greene scores
Batting: RHB Andrew Vaughn 0-0: Foul Ball, location: 2RF
0-1: Swinging Strike
0-2: Ball
1-2: SINGLE (Groundball, 56D, EV 95.0 MPH)
Lyn Harman to second
Pinch Hitting: LHB Ben Swigart 0-0: Foul Ball, location: 9LMFF
0-1: Foul Ball, location: 25FF
0-2: Foul Ball, location: 25FF
0-2: Ball
1-2: Ball
2-2: Fly out, F8 (Flyball, 8LS, EV 90.0 MPH)
Top of the 5th over - 1 run, 4 hits, 0 errors, 2 left on base; Chicago 4 - Baltimore 0
BOTTOM OF THE 5TH
Baltimore Orioles batting - Pitching for Chicago White Sox : RHP Jody Putnam
Pitching: RHP Dan Redford
Now at C: Vincent Rivera
Now at 2B: Billy Sylvester
Now in CF: Ben Swigart
Now in RF: Steve Stola
Batting: RHB SebastiĆ£o Rendon 0-0: Ball
1-0: Foul Ball, location: 7LMF
1-1: Ball
2-1: Foul Ball, location: 9LSF
2-2: Strikes out swinging
Batting: RHB Jonathan Satterley 0-0: Ball
1-0: Swinging Strike
1-1: Foul Ball, location: 5F
1-2: Ball
2-2: Foul Ball, location: 25F
2-2: Strikes out swinging
Batting: RHB Dillon Dingler 0-0: SINGLE (Line Drive, 89S, EV 98.1 MPH)
Batting: RHB Geoff Hamrick 0-0: Ball
1-0: Called Strike
1-1: Ball
2-1: Swinging Strike
2-2: Strikes out swinging
Bottom of the 5th over - 0 runs, 1 hit, 0 errors, 1 left on base; Chicago 4 - Baltimore 0
TOP OF THE 6TH
Chicago White Sox batting - Pitching for Baltimore Orioles : RHP Joe Todd
Pitching: RHP Danny Villa
Now at 1B: Marco Flores
Now at 3B: Ivan Munoz
Batting: RHB Billy Sylvester 0-0: Called Strike
0-1: Ground out 6-3 (Groundball, 6, EV 89.4 MPH)
Pinch Hitting: RHB Jose Avalos 0-0: Called Strike
0-1: Fly out, F8 (Flyball, 8LD, EV 96.3 MPH)
Batting: RHB Vincent Rivera 0-0: Called Strike
0-1: Fly out, F4 (Popup, 3D, EV 53.8 MPH)
Top of the 6th over - 0 runs, 0 hits, 0 errors, 0 left on base; Chicago 4 - Baltimore 0
BOTTOM OF THE 6TH
Baltimore Orioles batting - Pitching for Chicago White Sox : RHP Dan Redford
Pitching: RHP Will Klein
Now at 1B: Josh Rice
Now at 3B: Jose Avalos
Pinch Hitting: RHB Josh St. Louis 0-0: Ball
1-0: Fly out, F7 (Line Drive, 7, EV 86.9 MPH)
Batting: RHB Steve Ethridge 0-0: Ball
1-0: Swinging Strike
1-1: Ball
2-1: Foul Ball, location: 2F
2-2: Foul Ball, location: 2F
2-2: Ball
3-2: Base on Balls
Batting: RHB Ivan Munoz 0-0: Called Strike
0-1: Ball
1-1: Foul Ball, location: 7LMFF
1-2: SINGLE (Line Drive, 9LS, EV 100.0 MPH)
Steve Ethridge to second
Pinch Hitting: LHB Kevin Sellers 0-0: Called Strike
0-1: Called Strike
0-2: Foul Ball, location: 2RF
0-2: Strikes out swinging
Pitching: RHP Pablo Lopez
Batting: RHB Marco Flores 0-0: Ball
1-0: Called Strike
1-1: Fielders Choice at 2nd, 6-4 (Groundball, 6, EV 76.9 MPH)
Bottom of the 6th over - 0 runs, 1 hit, 0 errors, 2 left on base; Chicago 4 - Baltimore 0
TOP OF THE 7TH
Chicago White Sox batting - Pitching for Baltimore Orioles : RHP Danny Villa
Pitching: LHP Billy Crooks
Now in LF: Kevin Sellers
Now in CF: Josh St. Louis
Batting: RHB Stephen Alemais 0-0: Called Strike
0-1: Ball
1-1: Ball
2-1: Ball
3-1: Ground out 2-3 (Groundball, 2L, EV 74.4 MPH)
Batting: RHB Steve Stola 0-0: Ball
1-0: Ball
2-0: Ground out 5-3 (Groundball, 56, EV 98.8 MPH)
Pinch Hitting: SHB Chris McElroy 0-0: Called Strike
0-1: Ball
1-1: Foul Ball, location: 2F
1-2: Strikes out swinging
Top of the 7th over - 0 runs, 0 hits, 0 errors, 0 left on base; Chicago 4 - Baltimore 0
BOTTOM OF THE 7TH
Baltimore Orioles batting - Pitching for Chicago White Sox : RHP Pablo Lopez
Now in LF: Steve Stola
Now in RF: Jeff Winslett
Batting: LHB Freddy O'Connor 0-0: Ground out 4-3 (Groundball, 4S, EV 96.9 MPH)
Pinch Hitting: RHB Ben Hopkins 0-0: Fly out, F8 (Flyball, 8LD, EV 108.8 MPH)
Batting: RHB Dillon Dingler 0-0: Called Strike
0-1: Swinging Strike
0-2: Ball
1-2: Foul Ball, location: 2F
1-2: Ball
2-2: Foul Ball, location: 3F
2-2: Strikes out swinging
Bottom of the 7th over - 0 runs, 0 hits, 0 errors, 0 left on base; Chicago 4 - Baltimore 0
TOP OF THE 8TH
Chicago White Sox batting - Pitching for Baltimore Orioles : LHP Billy Crooks
Now at SS: Ben Hopkins
Batting: RHB Josh Rice 0-0: Ball
1-0: Ball
2-0: Ball
3-0: Called Strike
3-1: Swinging Strike
3-2: Fly out, F8 (Flyball, 89M, EV 90.6 MPH)
Batting: RHB Andrew Vaughn 0-0: Foul Ball, location: 2F
0-1: Foul Ball, location: 2F
0-2: Ball
1-2: Ball
2-2: Foul Ball, location: 5F
2-2: Foul Ball, location: 2F
2-2: Strikes out swinging
Batting: LHB Ben Swigart 0-0: Foul Ball, location: 9LMFF
0-1: Foul Ball, location: 2F
0-2: Strikes out swinging, 2-3 out at first.
Top of the 8th over - 0 runs, 0 hits, 0 errors, 0 left on base; Chicago 4 - Baltimore 0
BOTTOM OF THE 8TH
Baltimore Orioles batting - Pitching for Chicago White Sox : RHP Pablo Lopez
Pitching: RHP Ender Paz
Pinch Hitting: LHB Dave Castanada 0-0: Called Strike
0-1: Foul Ball, location: 25FF
0-2: Ball
1-2: Foul Ball, location: 2F
1-2: Ball
2-2: Ball
3-2: SINGLE (Flyball, 56D, EV 89.4 MPH)
Batting: RHB Josh St. Louis 0-0: Called Strike
0-1: DOUBLE (Line Drive, 9LM, EV 109.4 MPH)
Dave Castanada to third
Batting: RHB Steve Ethridge 0-0: Called Strike
0-1: Ball
1-1: Ball
2-1: Fly out, F4 (Line Drive, 4, EV 70.0 MPH)
Batting: RHB Ivan Munoz 0-0: Ball
1-0: Swinging Strike
1-1: Ball
2-1: Ball
3-1: SINGLE (Groundball, 4D, EV 98.8 MPH)
Dave Castanada scores
Josh St. Louis to third
Pitching: LHP Butch Santoro
Batting: LHB Kevin Sellers 0-0: SINGLE (Groundball, 4, EV 86.9 MPH) (infield hit)
Josh St. Louis scores
Ivan Munoz to second
Batting: RHB Marco Flores 0-0: Ball
1-0: Fly out, F7 (Flyball, 7D, EV 86.9 MPH)
Batting: RHB Jarred Studebaker 0-0: Ball
1-0: Ball
2-0: Foul Ball, location: 3F
2-1: Fly out, F7 (Line Drive, 78M, EV 110.6 MPH)
Bottom of the 8th over - 2 runs, 4 hits, 0 errors, 2 left on base; Chicago 4 - Baltimore 2
TOP OF THE 9TH
Chicago White Sox batting - Pitching for Baltimore Orioles : LHP Billy Crooks
Pitching: RHP Edgar Rocha
Now in RF: Dave Castanada
Batting: RHB Billy Sylvester 0-0: Fly out, F7 (Line Drive, 7, EV 103.8 MPH)
Batting: RHB Jose Avalos 0-0: DOUBLE (Line Drive, 78D, EV 101.9 MPH)
Pinch Hitting: SHB Yoan Moncada 0-0: Ball
1-0: Foul Ball, location: 23F
1-1: Ball
2-1: Ball
3-1: Base on Balls
Batting: RHB Stephen Alemais 0-0: Called Strike
0-1: Grounds into double play, 6-4-3 (Groundball, 6, EV 83.1 MPH)
Top of the 9th over - 0 runs, 1 hit, 0 errors, 1 left on base; Chicago 4 - Baltimore 2
BOTTOM OF THE 9TH
Baltimore Orioles batting - Pitching for Chicago White Sox : LHP Butch Santoro
Pitching: LHP Josh Leach
Now at C: Moises Ballesteros
Batting: RHB Ben Hopkins 0-0: Swinging Strike
0-1: Ball
1-1: Ball
2-1: Ball
3-1: Swinging Strike
3-2: Foul Ball, location: 3DF
3-2: Base on Balls
Pinch Hitting: SHB Randy Manderville 0-0: Called Strike
0-1: Foul Ball, location: 2F
0-2: Strikes out looking
Batting: LHB Dave Castanada 0-0: Foul Ball, location: 7LDF
0-1: Ball
1-1: Foul Ball, location: 3SF
1-2: Ball
2-2: Foul Ball, location: 25F
2-2: Grounds into double play, 4-6-3 (Groundball, 34D, EV 98.8 MPH)
Bottom of the 9th over - 0 runs, 0 hits, 0 errors, 0 left on base; Chicago 4 - Baltimore 2
Friday, February 23rd , 2024 - OOTP Baseball 24.7 Build 72